 Dungeon Crawl Stone Soup version 0.26-a0-800-g517d6fe721 (webtiles) character file.

Game seed: 14565390225890522957

148268 mandarbmax the Unseen (level 17, -2/122 HPs)
             Began as an Octopode Transmuter on Nov 11, 2020.
             Was the Champion of Wu Jian.
             Splashed by a goliath frog's acid (6 damage)
             ... on level 1 of the Swamp.
             The game lasted 01:59:48 (35758 turns).

mandarbmax the Unseen (Octopode Transmuter)        Turns: 35758, Time: 01:59:49

Health: -2/122     AC:  7    Str: 13      XL:     17   Next: 48%
Magic:  19/20      EV: 27    Int: 30      God:    Wu Jian [******]
Gold:   770        SH:  5    Dex: 25 (27) Spells: 0/20 levels left

rFire    + . .     SeeInvis .     - Unarmed
rCold    + . .     Faith    .   (shield currently unavailable)
rNeg     + + .     Spirit   .   R - +2 hat
rPois    +         Reflect  +   V - amulet of reflection
rElec    .         Harm     .   l - +4 ring of protection
rCorr    +         Rampage  .   m - ring "Zyezxomm" {rF- rN++ Int+6 Dex+4}
MR       +....                  c - ring of poison resistance
Stlth    +++++++++.             s - ring of protection from fire
HPRegen  0.30/turn              H - ring of Baen {rCorr Dex+6 Stlth+}
MPRegen  0.17/turn              Z - +6 ring of strength
                                u - +6 ring of intelligence
                                B - ring of protection from fire

@: blade tentacles
A: almost no armour, stealthy swim, amphibious, 8 rings, constrict 8, camouflage
1, cold resistance 1, deterioration 1, weak 1, gelatinous body 1
a: End Transformation, Wall Jump, Serpent's Lash, Heavenly Storm, Renounce
Religion


You were on level 1 of the Swamp.
You worshipped Wu Jian.
Wu Jian was exalted by your worship.
You had blades for tentacles.
You visited 5 branches of the dungeon, and saw 25 of its levels.
You visited the Abyss 1 time.
You also visited: Sewer, Bailey, Gauntlet and Volcano.

You collected 3044 gold pieces.
You spent 2274 gold pieces at shops.

Inventory:

Missiles
 w - 12 atropa-tipped darts (quivered)
 x - 10 curare-tipped darts
 A - 2 throwing nets
Armour
 R - a +2 hat (worn)
 T - a +0 kite shield of protection (melded)
Jewellery
 c - a ring of poison resistance (on tentacle)
 f - an uncursed ring of wizardry
 l - a +4 ring of protection (left scythe-like blade)
 m - the ring "Zyezxomm" (right scythe-like blade) {rF- rN++ Int+6 Dex+4}
   (You found it in a Gauntlet)

   [ring of intelligence]

   It affects your intelligence (+6).
   It affects your dexterity (+4).
   It makes you vulnerable to fire.
   It greatly protects you from negative energy.
 s - a ring of protection from fire (on tentacle)
 u - a +6 ring of intelligence (on tentacle)
 B - a ring of protection from fire (on tentacle)
 H - the ring of Baen (on tentacle) {rCorr Dex+6 Stlth+}
   (You acquired it on level 9 of the Dungeon)

   [ring of resist corrosion]

   It affects your dexterity (+6).
   It provides partial protection from all sources of acid and corrosion.
   It makes you more stealthy.
 L - an uncursed ring of see invisible
 V - an amulet of reflection (around mantle)
 W - an uncursed ring of protection from cold
 Z - a +6 ring of strength (on tentacle)
Wands
 d - a wand of acid (21)
 y - a wand of paralysis (9)
 z - a wand of flame (72)
 C - a wand of polymorph (9)
 M - a wand of disintegration (7)
 N - a wand of digging (12)
 X - a wand of iceblast (10)
Scrolls
 b - 7 scrolls of blinking
 g - 13 scrolls of teleportation
 h - 2 scrolls of fear
 j - 10 scrolls of remove curse
 r - 14 scrolls of identify
 t - a scroll of amnesia
 I - 2 scrolls of silence
 K - 4 scrolls of fog
 U - 2 scrolls of magic mapping
Potions
 a - 3 potions of attraction
 i - 4 potions of berserk rage
 k - 3 potions of brilliance
 n - 10 potions of curing
 o - 3 potions of might
 q - 4 potions of lignification
 v - 2 potions of magic
 D - 2 potions of heal wounds
 E - 2 potions of ambrosia
 F - a potion of resistance
 O - 4 potions of invisibility
 P - a potion of cancellation
 Q - a potion of mutation
 S - 2 potions of haste
Miscellaneous
 p - a lightning rod (4/4)
 G - a box of beasts
 J - a condenser vane
 Y - a phantom mirror


   Skills:
 - Level 13.1 Fighting
 + Level 12.8 Dodging
 + Level 17.7 Stealth
 - Level 8.0 Shields
 - Level 15.0 Unarmed Combat
 - Level 2.0 Spellcasting
 - Level 10.0 Transmutations
 - Level 3.0 Air Magic
 + Level 6.0 Poison Magic
 - Level 6.0 Evocations


You couldn't memorise any spells.
You knew the following spells:

 Your Spells              Type           Power        Failure   Level
a - Blade Hands           Tmut           ######....   28%         5
b - Wereblood             Tmut           ######..     9%          2
c - Ignite Poison         Fire/Tmut/Pois #####...     24%         3
d - Swiftness             Air            ###.....     28%         2
e - Eringya's Noxious Bo  Tmut/Pois      ######....   82%         6
f - Blink                 Tloc           N/A          50%         2

Your spell library contained the following spells:

 Spells                   Type           Power        Failure   Level
 Beastly Appendage        Tmut           ######       8%          1
 Spider Form              Tmut/Pois      ######....   14%         3
 Poisonous Vapours        Pois/Air       ####..       21%         2
 Shock                    Conj/Air       ##..         30%         1
 Mephitic Cloud           Conj/Pois/Air  ###.....     38%         3
 Magic Dart               Conj           #...         41%         1
 Alistair's Intoxication  Tmut/Pois      ######...    43%         5
 Ice Form                 Ice/Tmut       ####....     45%         4
 Call Imp                 Summ           #.......     50%         2
 Searing Ray              Conj           #.....       50%         2
 Slow                     Hex            #.......     50%         2
 Static Discharge         Conj/Air       ##......     52%         3
 Airstrike                Air            ###.......   65%         4
 Conjure Flame            Conj/Fire      #.......     67%         3
 Dazzling Flash           Conj/Hex       #.....       67%         3
 Gell's Gravitas          Tloc           #.........   67%         3
 Portal Projectile        Hex/Tloc       #.....       67%         3
 Summon Lightning Spire   Summ/Air       ##......     80%         4
 Fulminant Prism          Conj/Hex       #.........   92%         4
 Iskenderun's Mystic Bla  Conj/Tloc      #.......     92%         4
 Lightning Bolt           Conj/Air       ##........   97%         5
 Summon Demon             Summ           #.........   99%         5
 Summon Forest            Summ/Tloc      #.........   99%         5
 Summon Mana Viper        Hex/Summ       #.......     99%         5
 Dispersal                Tloc           #.........   100%        6
 Freezing Cloud           Conj/Ice/Air   #.........   100%        6
 Shadow Creatures         Summ           N/A          100%        6
 Summon Hydra             Summ           #.........   100%        7
 Disjunction              Tloc           #.........   100%        8
 Tornado                  Air            ###.......   100%        9


Dungeon Overview and Level Annotations

Branches:
Dungeon (15/15)            Temple (1/1) D:5            Lair (6/6) D:11
  Swamp (1/4) Lair:2       Shoals (0/4) Lair:4        Slime (0/5) Lair:6
    Orc (2/2) D:11            Elf (0/3) Orc:2        Vaults (0/5) D:13
 Depths (0/5) D:15          Sewer (visited)          Bailey (visited)
Volcano (visited)         Gauntlet (visited)

Altars:
Ashenzari
Dithmenos
Elyvilon
Hepliaklqana
Makhleb
Okawaru
Uskayaw
Vehumet
Wu Jian
Xom
Yredelemnul
The Shining One
Beogh
Jiyva

Shops:
D:8 (   D:11 (   D:13 **((=   Orc:2 =(*([

Portals:
Trove: D:15 (give 7 scrolls of fog)

Annotations:
D:4 1 runed translucent door, Crazy Yiuf


Innate Abilities, Weirdness & Mutations

You cannot wear most types of armour.
You are very stealthy in the water. (Stealth+)
You are amphibious.
You can wear up to eight rings at the same time.
You can use your tentacles to constrict eight enemies at once.
Your skin changes colour to match your surroundings (Stealth+).
Your rubbery body absorbs attacks. (AC +1, EV +1)
Your flesh is cold resistant. (rC+)
Your body sometimes deteriorates upon taking damage.
You are weak. (Str -2)


Message History

The goliath frog is engulfed in poison gas.
The goliath frog looks even sicker.
The goliath frog hits you from afar!!
* * * LOW HITPOINT WARNING * * *
You are splashed with acid.
You resist.
* * * LOW HITPOINT WARNING * * *
The spriggan druid calls out to the beasts of the wild!
The goliath frog is engulfed in poison gas.
The goliath frog looks as sick as possible!
A swamp drake comes into view.
A bunyip comes into view.
The goliath frog is engulfed in poison gas.
The goliath frog looks as sick as possible!
The goliath frog is engulfed in poison gas.
The goliath frog looks as sick as possible!
The goliath frog misses you.
The goliath frog is engulfed in poison gas.
The goliath frog looks as sick as possible!
The goliath frog hits you from afar.
* * * LOW HITPOINT WARNING * * *
You are splashed with acid.
You resist.
You die...

.♣ ♣.≈≈.≈≈≈≈...≈≈♣
..♣♣♣...≈≈≈.≈♣≈..♣
♣..♣♣.≈≈§≈.≈≈≈§.♣♣
♣≈..♣♣...♣>≈≈♣≈.♣
≈≈≈≈.♣...≈.≈...≈♣
§≈.≈..♣..≈[≈≈≈≈.♣
..≈≈≈.≈.)≈.≈.≈§.♣
≈≈.§§≈≈≈.÷÷≈.≈..♣ ♣♣
≈..≈≈≈k≈≈≈@≈≈♣.♣♣ ♣♣♣≈♣
.≈≈≈≈≈§≈≈≈..≈≈°♣ ♣.♣.≈≈♣
..≈≈≈≈≈♣≈.F°○○♣♣ ♣♣.....≈§
♣.≈§≈>≈≈..≈°°♣♣ ♣♣≈≈......
.≈≈≈≈..♣.≈°○○○♣♣♣≈≈§..≈.≈.
≈..≈≈≈.≈.≈≈○○xi♣♣.(.≈.≈.≈≈
≈≈≈≈≈≈≈≈≈≈..♣≈≈.(≈....≈...
.♣.....♣.♣♣♣.....°○...≈≈
≈...♣♣≈≈.♣.♣...§○......


You could see a bunyip, a goliath frog (extremely poisoned), a spriggan druid
and a swamp drake (wandering).

Vanquished Creatures
  Saint Roka (Orc:2)
  A lich (Abyss:3)
  Gastronok (Lair:1)
  A tentacled starspawn (Abyss:3)
  Kirke (D:12)
  2 orc warlords
  Louise (D:15)
  Nessos (Lair:5)
  A minotaur (Gauntlet)
  Azrael (D:13)
  A green death (Gauntlet)
  An ogre mage (Volcano)
  6 boulder beetles
  6 hydras
  A catoblepas (Lair:6)
  6 centaur warriors
  8 two-headed ogres
  An alligator (Swamp:1)
  Urug (Lair:6)
  A thrashing horror (Abyss:3)
  A death scarab (Gauntlet)
  2 orc high priests (Orc:2)
  A hell knight (Volcano)
  2 goliath frogs (Swamp:1)
  A wretched star (Abyss:3)
  Sonja (Lair:6)
  The ghost of felt the Thaumaturge, a novice GnWn of Okawaru (D:8)
  2 wizards (D:15)
  4 unseen horrors
  A shadow demon (Abyss:3)
  A bog body (Swamp:1)
  4 lindwurms (D:12)
  A necromancer (D:15)
  6 orc knights
  4 deep elf magi
  A wolf spider zombie (D:15)
  3 orc sorcerers
  8 ugly things
  2 will-o-the-wisps (Swamp:1)
  A moth of wrath (shapeshifter) (Gauntlet)
  An oklob plant (Lair:3)
  A cyclops (D:13)
  A manticore (D:9)
  10 elephants
  A merfolk siren (Lair:4)
  4 centaur skeletons (D:15)
  A smoke demon (Abyss:3)
  26 cane toads
  A naga mage (D:15)
  A gargoyle (D:10)
  A kobold demonologist (D:15)
  5 rime drakes
  4 komodo dragons
  5 efreet
  A freezing wraith (Abyss:3)
  A yaktaur (D:15)
  A redback zombie (D:15)
  A merfolk (Lair:4)
  A meliai (shapeshifter) (D:15)
  A polar bear (Lair:2)
  8 trolls
  7 tyrant leeches
  A raiju (shapeshifter) (D:15)
  4 hornets (Swamp:1)
  31 blink frogs
  4 raiju (Abyss:3)
  2 large abominations (Abyss:3)
  8 slime creatures (D:12)
  Sigmund (D:4)
  8 flying skulls (Gauntlet)
  A shadow (D:12)
  6 spriggans
  7 hogs (D:12)
  2 vampires
  6 wyverns
  3 fire bats (Orc:2)
  60 yaks
  3 neqoxecs (Abyss:3)
  11 vampire mosquitoes
  A spectral komodo dragon (Gauntlet)
  6 basilisks
  7 wargs
  6 swamp worms
  Edmund (D:4)
  14 water moccasins
  An acid dragon (D:13)
  A soldier ant (D:14)
  A swamp drake (Swamp:1)
  2 small abominations (Abyss:3)
  3 hell hounds (D:13)
  A floating eye (shapeshifter) (Gauntlet)
  6 ice beasts
  46 orc warriors
  2 phantoms
  A sky beast (D:7)
  2 black bears
  6 starcursed masses (Abyss:3)
  13 ogres
  3 eyes of draining
  8 centaurs
  7 wolves
  5 big kobolds
  32 bullfrogs
  A wyvern zombie (D:14)
  9 killer bees
  8 wights
  4 electric eels (Lair:4)
  5 howler monkeys
  A centaur zombie (D:8)
  A bullfrog zombie (D:12)
  A crimson imp (D:6)
  9 hounds
  7 jellies
  25 orc priests
  Jessica (D:2)
  21 orc wizards
  Natasha (thrice) (D:2)
  4 bullfrog skeletons
  5 iguanas
  10 hell rats
  11 worker ants
  A hound zombie (D:5)
  3 hound skeletons
  Robin (D:4)
  11 gnolls
  13 adders
  A river rat (Sewer)
  A shadow imp (D:5)
  A white imp (D:8)
  2 ufetubi
  An ooze (D:1)
  An adder skeleton (D:4)
  An adder zombie (D:9)
  4 worms
  3 dart slugs
  5 leopard geckos
  131 orcs
  4 bats
  6 giant cockroaches
  40 goblins
  16 hobgoblins
  7 jackals
  5 quokkas
  2 frilled lizards
  A jackal skeleton (D:5)
  29 kobolds
  A leopard gecko skeleton (D:4)
  2 quokka skeletons
  6 rats
931 creatures vanquished.

Vanquished Creatures (collateral kills)
  A black mamba (Lair:1)
  A blink frog (Lair:1)
  A gnoll (Bailey)
3 creatures vanquished.

Vanquished Creatures (others)
  A boulder beetle (D:10)
  A spriggan (Swamp:1)
  2 trolls (D:10)
  A hornet (Swamp:1)
  2 yaks (D:10)
  A hell hound (D:13)
  A black bear (D:10)
  8 foxfires (Swamp:1)
  34 fungi
  85 plants
  2 starspawn tentacles (Abyss:3)
138 creatures vanquished.

Grand Total: 1072 creatures vanquished

Notes
Turn   | Place    | Note
-------+----------+-------------------------------------------
     0 | D:1      | mandarbmax the Octopode Transmuter began the quest for the
                  | Orb.
     0 | D:1      | Reached XP level 1. HP: 13/13 MP: 3/3
   148 | D:1      | Reached XP level 2. HP: 13/18 MP: 3/5
   619 | D:1      | Learned a level 2 spell: Wereblood
   807 | D:1      | Reached XP level 3. HP: 23/23 MP: 6/6
   812 | D:1      | Learned a level 3 spell: Spider Form
  1199 | D:2      | Found a basalt altar of Yredelemnul.
  1442 | D:2      | Noticed Natasha
  1452 | D:2      | Killed Natasha
  1452 | D:2      | Reached skill level 1 in Poison Magic
  1452 | D:2      | Reached XP level 4. HP: 21/29 MP: 2/7
  1506 | D:2      | Noticed Natasha
  1519 | D:2      | Killed Natasha
  1669 | D:2      | Found an iron altar of Okawaru.
  1837 | D:2      | Noticed Natasha
  1843 | D:2      | Killed Natasha
  1843 | D:2      | Reached XP level 5. HP: 34/34 MP: 1/8
  2202 | D:2      | Noticed Jessica
  2209 | D:2      | Killed Jessica
  2459 | D:3      | Found a shimmering altar of Xom.
  3004 | D:3      | Reached skill level 5 in Unarmed Combat
  3832 | D:4      | Reached XP level 6. HP: 39/39 MP: 5/9
  3877 | D:4      | Noticed Edmund
  3892 | D:4      | Killed Edmund
  3980 | D:4      | Found a glowing golden altar of the Shining One.
  3980 | D:4      | Noticed Robin
  3989 | D:4      | Killed Robin
  3992 | D:4      | Reached XP level 7. HP: 32/45 MP: 3/10
  4316 | D:4      | Noticed Sigmund
  4412 | D:4      | Killed Sigmund
  4412 | D:4      | Reached skill level 3 in Stealth
  4529 | D:4      | Reached skill level 4 in Stealth
  4874 | D:4      | Found a runed translucent door.
  4875 | D:4      | Noticed Crazy Yiuf
  5040 | D:5      | Entered Level 5 of the Dungeon
  5056 | D:5      | Found a staircase to the Ecumenical Temple.
  5072 | Temple   | Entered the Ecumenical Temple
  5103 | Temple   | Became a worshipper of the Wu Jian Council
  5171 | D:5      | Reached skill level 5 in Stealth
  5178 | D:5      | Found a hazy altar of Hepliaklqana.
  5248 | D:5      | Found a glowing drain.
  5275 | Sewer    | Entered a sewer
  5422 | Sewer    | Reached skill level 6 in Stealth
  5451 | Sewer    | Found a white marble altar of Elyvilon.
  5610 | D:5      | Reached XP level 8. HP: 50/50 MP: 7/11
  5629 | D:5      | Found a white marble altar of Elyvilon.
  6247 | D:6      | Found a hide-covered altar of Uskayaw.
  6355 | D:6      | Reached * piety under Wu Jian
  7177 | D:6      | Learned a level 5 spell: Blade Hands
  7246 | D:6      | Found a radiant altar of Vehumet.
  7248 | D:6      | Found a burning altar of Makhleb.
  7737 | D:7      | Reached XP level 9. HP: 55/59 MP: 8/12
  7803 | D:7      | Reached skill level 7 in Stealth
  7815 | D:7      | Reached skill level 5 in Fighting
  7821 | D:7      | Reached skill level 8 in Stealth
  7830 | D:7      | Reached ** piety under Wu Jian
  8247 | D:7      | Reached skill level 5 in Dodging
  8835 | D:8      | Found Lyemicehe's Antique Weapon Shop.
  9109 | D:8      | Found a runed translucent door.
  9111 | D:8      | Noticed felt's ghost (novice GnWn)
  9261 | D:8      | Killed felt's ghost
  9261 | D:8      | Reached skill level 10 in Unarmed Combat
  9261 | D:8      | Reached XP level 10. HP: 42/66 MP: 4/13
 10085 | D:8      | Gained mutation: You are weak. (Str -2) [mutagenic glow]
 10104 | D:8      | Lost mutation: You are weak. (Str -2) [potion of mutation]
 10104 | D:8      | Gained mutation: You are clumsy. (Dex -2) [potion of
                  | mutation]
 10104 | D:8      | Gained mutation: You possess an exceptional clarity of
                  | mind. [potion of mutation]
 10104 | D:8      | Gained mutation: You passively map a small area around you.
                  | [potion of mutation]
 10104 | D:8      | Gained mutation: Your mind is acute. (Int +2) [potion of
                  | mutation]
 10493 | D:9      | Noticed a red ugly thing
 10499 | D:8      | Killed a red ugly thing
 10616 | D:8      | Reached *** piety under Wu Jian
 10941 | D:9      | Identified a scroll of acquirement
 10942 | D:9      | Acquired the ring of Baen {rCorr Dex+6 Stlth+}
 10962 | D:9      | Noticed a manticore
 10980 | D:9      | Killed a manticore
 11864 | D:9      | Learned a level 2 spell: Swiftness
 12030 | D:9      | Noticed a deep elf mage
 12036 | D:9      | Killed a deep elf mage
 12286 | D:9      | Found a shadowy altar of Dithmenos.
 12345 | D:10     | Entered Level 10 of the Dungeon
 12414 | D:10     | Noticed a gargoyle
 12440 | D:10     | Killed a boulder beetle
 12457 | D:10     | Found a flagged portal.
 12474 | D:10     | Killed a gargoyle
 12474 | D:10     | Reached XP level 11. HP: 57/78 MP: 4/14
 12477 | Bailey   | Entered a bailey
 12773 | Bailey   | Noticed an orc knight
 12784 | Bailey   | Killed an orc knight
 12786 | Bailey   | Reached **** piety under Wu Jian
 13043 | Bailey   | Noticed an orc knight
 13043 | Bailey   | Noticed an orc warlord
 13043 | Bailey   | Noticed an orc knight
 13068 | Bailey   | Killed an orc knight
 13076 | Bailey   | Killed an orc knight
 13076 | Bailey   | Reached skill level 1 in Evocations
 13082 | Bailey   | Killed an orc warlord
 13344 | D:10     | Reached XP level 12. HP: 86/86 MP: 15/15
 13345 | D:10     | Reached XP level 13. HP: 95/95 MP: 16/16
 13554 | D:10     | Found a shimmering altar of Xom.
 14209 | D:10     | Reached skill level 5 in Evocations
 14762 | D:11     | Found a staircase to the Lair.
 14790 | D:11     | Reached ***** piety under Wu Jian
 14928 | D:11     | Found a staircase to the Orcish Mines.
 14935 | D:11     | Found Kedilium's Weapon Boutique.
 15160 | D:11     | Reached skill level 9 in Stealth
 15552 | D:11     | Reached skill level 10 in Stealth
 15812 | D:11     | Found a roughly hewn altar of Beogh.
 15850 | D:11     | Reached XP level 14. HP: 35/101 MP: 13/17
 16544 | Lair:1   | Entered Level 1 of the Lair of Beasts
 16628 | Lair:1   | Reached skill level 11 in Stealth
 16718 | Lair:1   | Reached skill level 12 in Stealth
 17107 | Lair:1   | Noticed Gastronok
 17119 | Lair:1   | Killed Gastronok
 17649 | Lair:2   | Found a staircase to the Swamp.
 17901 | Lair:1   | Gained mutation: You are very clumsy. (Dex -4) [mutagenic
                  | glow]
 17911 | Lair:1   | Gained mutation: Your magical capacity is low. (-10% MP)
                  | [mutagenic glow]
 17964 | Lair:1   | Lost mutation: You possess an exceptional clarity of mind.
                  | [potion of mutation]
 17964 | Lair:1   | Lost mutation: You are very clumsy. (Dex -4) [potion of
                  | mutation]
 17964 | Lair:1   | Lost mutation: Your magical capacity is low. (-10% MP)
                  | [potion of mutation]
 17964 | Lair:1   | Lost mutation: Your mind is acute. (Int +2) [potion of
                  | mutation]
 17964 | Lair:1   | Gained mutation: Your mind is acute. (Int +2) [potion of
                  | mutation]
 17965 | Lair:1   | Lost mutation: You are clumsy. (Dex -2) [potion of
                  | mutation]
 17965 | Lair:1   | Lost mutation: Your mind is acute. (Int +2) [potion of
                  | mutation]
 17965 | Lair:1   | Lost mutation: You passively map a small area around you.
                  | [potion of mutation]
 17965 | Lair:1   | Gained mutation: You are weak. (Str -2) [potion of
                  | mutation]
 17965 | Lair:1   | Gained mutation: You are agile. (Dex +2) [potion of
                  | mutation]
 17965 | Lair:1   | Gained mutation: You are resistant to hostile enchantments.
                  | (MR+) [potion of mutation]
 18850 | Lair:2   | Learned a level 5 spell: Summon Mana Viper
 19001 | Lair:3   | Reached skill level 5 in Transmutations
 20527 | Lair:4   | Found a staircase to the Shoals.
 21660 | Lair:5   | Reached XP level 15. HP: 94/108 MP: 11/18
 22007 | Lair:5   | Noticed Nessos
 22013 | Lair:5   | Killed Nessos
 22207 | Lair:6   | Entered Level 6 of the Lair of Beasts
 22289 | Lair:6   | Reached skill level 15 in Unarmed Combat
 22306 | Lair:6   | Reached skill level 13 in Stealth
 22312 | Lair:6   | Noticed Urug
 22325 | Lair:6   | Reached skill level 14 in Stealth
 22329 | Lair:6   | Killed Urug
 22748 | Lair:6   | Reached skill level 15 in Stealth
 23182 | Lair:6   | Noticed Sonja
 23185 | Lair:6   | Killed Sonja
 23628 | Lair:6   | Reached skill level 16 in Stealth
 23708 | Lair:6   | Found a viscous altar of Jiyva.
 23708 | Lair:6   | Found a staircase to the Slime Pits.
 24236 | Orc:1    | Entered Level 1 of the Orcish Mines
 24518 | D:11     | Upgraded the game from 0.26-a0-778-g3fe0686644 to
                  | 0.26-a0-800-g517d6fe721
 24696 | Orc:2    | Entered Level 2 of the Orcish Mines
 24821 | Orc:2    | Found a dark tunnel.
 24830 | Volcano  | Entered a volcano
 24926 | Volcano  | Reached skill level 17 in Stealth
 25385 | Orc:2    | Found a roughly hewn altar of Beogh.
 25389 | Orc:2    | Found Niemewn's General Store.
 25432 | Orc:2    | Found a staircase to the Elven Halls.
 25506 | Orc:2    | Noticed Saint Roka
 25509 | Orc:2    | HP: 3/108 [orc knight/+0 great sword (49)]
 25543 | Orc:2    | HP: 2/108 [orc priest/divine providence (10)]
 25885 | Orc:2    | Found a roughly hewn altar of Beogh.
 25989 | Orc:2    | Found a roughly hewn altar of Beogh.
 25989 | Orc:2    | Found Atucuach's Weapon Emporium.
 25989 | Orc:2    | Found Dod Enuwn's Jewellery Emporium.
 26141 | Orc:2    | Found Qousm's Antique Armour Shoppe.
 26142 | Orc:2    | Found a roughly hewn altar of Beogh.
 26144 | Orc:2    | Found Fiaxtet's Antique Weapon Emporium.
 26275 | Orc:2    | Killed Saint Roka
 26275 | Orc:2    | Reached XP level 16. HP: 30/114 MP: 14/19
 26615 | Orc:2    | Found a roughly hewn altar of Beogh.
 26681 | Orc:2    | Found a roughly hewn altar of Beogh.
 27146 | Orc:1    | HP: 1/114 [orc priest/divine providence[an orc warlord]
                  | (15)]
 27181 | Orc:2    | Bought a potion of heal wounds for 70 gold pieces
 27181 | Orc:2    | Bought a phantom mirror for 560 gold pieces
 27236 | Orc:2    | Bought a +6 ring of strength for 760 gold pieces
 27975 | Orc:1    | Reached skill level 1 in Air Magic
 28126 | D:12     | Found a gate leading to a gauntlet.
 28140 | Gauntlet | Entered a Gauntlet
 28140 | Gauntlet | Found a transporter.
 28144 | Gauntlet | Learned a level 2 spell: Blink
 28156 | Gauntlet | Found a transporter.
 28159 | Gauntlet | Found a transporter.
 28160 | Gauntlet | Found a transporter.
 28171 | Gauntlet | Found a transporter.
 28172 | Gauntlet | Found a transporter.
 28172 | Gauntlet | Found a transporter.
 28182 | Gauntlet | Found a transporter.
 28183 | Gauntlet | Found a transporter.
 28184 | Gauntlet | Found a transporter.
 28192 | Gauntlet | Found a transporter.
 28195 | Gauntlet | Found a transporter.
 28196 | Gauntlet | Found a transporter.
 28204 | Gauntlet | Found a transporter.
 28251 | Gauntlet | Found a runed translucent door.
 28307 | Gauntlet | Reached skill level 1 in Shields
 28469 | Gauntlet | Got a scintillating steel ring
 28471 | Gauntlet | Identified the ring "Zyezxomm" {rF- rN++ Int+6 Dex+4} (You
                  | found it in a Gauntlet)
 28616 | Gauntlet | Identified the cursed +1 flail of Prudence {flame, rPois}
 28616 | Gauntlet | Identified the +6 plate armour of Syuczauf {MR++ Str-3
                  | Slay+3 Stlth+}
 28771 | Gauntlet | Lost mutation: You are resistant to hostile enchantments.
                  | (MR+) [potion of mutation]
 28771 | Gauntlet | Lost mutation: You are weak. (Str -2) [potion of mutation]
 28771 | Gauntlet | Lost mutation: You are agile. (Dex +2) [potion of mutation]
 28771 | Gauntlet | Gained mutation: You are weak. (Str -2) [potion of
                  | mutation]
 28771 | Gauntlet | Gained mutation: Your body sometimes deteriorates upon
                  | taking damage. [potion of mutation]
 28771 | Gauntlet | Gained mutation: Your flesh is cold resistant. (rC+)
                  | [potion of mutation]
 28771 | Gauntlet | Gained mutation: You are robust. (+10% HP) [potion of
                  | mutation]
 28774 | Gauntlet | Identified the Collected Works on Weightlessness and
                  | Poisoning
 29488 | D:12     | Learned a level 3 spell: Ignite Poison
 29699 | D:12     | Noticed Kirke
 29709 | D:12     | Reached skill level 5 in Shields
 29714 | D:12     | Killed Kirke
 30063 | D:13     | Found Lem Pipp's Assorted Antiques.
 30081 | D:13     | Bought a potion of haste for 340 gold pieces
 30081 | D:13     | Bought 2 potions of invisibility for 544 gold pieces
 30110 | D:13     | Found a gate to the Vaults.
 30176 | D:13     | Found Aghuos's Jewellery Boutique.
 30186 | D:13     | Reached ****** piety under Wu Jian
 30329 | D:13     | Noticed Azrael
 30342 | D:13     | Killed Azrael
 30894 | D:13     | Found Coam's Weapon Shop.
 30965 | D:13     | Found Ofangego's Weapon Shoppe.
 31080 | D:13     | Found Urabamia's Assorted Antiques.
 31569 | D:14     | Found a broken altar of Ashenzari.
 32737 | D:15     | Entered Level 15 of the Dungeon
 32739 | D:15     | Noticed Louise
 32759 | D:15     | Cast into level 2 of the Abyss (Louise)
 32785 | Abyss:2  | Noticed a tentacled starspawn
 32872 | Abyss:3  | Noticed a tentacled starspawn
 32880 | Abyss:3  | Killed a tentacled starspawn
 33049 | Abyss:3  | Reached skill level 5 in Poison Magic
 33078 | Abyss:3  | Reached XP level 17. HP: 92/134 MP: 12/20
 33092 | Abyss:3  | Noticed a lich
 33095 | Abyss:3  | Lost mutation: You are robust. (+10% HP) [a neqoxec]
 33101 | Abyss:3  | Killed a lich
 33106 | D:15     | Escaped the Abyss
 33117 | D:15     | Killed Louise
 33235 | D:15     | Learned a level 6 spell: Eringya's Noxious Bog
 33795 | D:15     | Reached skill level 10 in Transmutations
 33926 | D:15     | Found a portal to a secret trove of treasure.
 34079 | D:15     | Found a staircase to the Depths.
 35039 | Swamp:1  | Entered Level 1 of the Swamp
 35755 | Swamp:1  | HP: 6/122 [acid (3)]
 35758 | Swamp:1  | Splashed by a goliath frog's acid

Illustrated notes

Levels and vault maps discovered:
D:1:      scummos_arrival_hexagon, layout_basic, nrook_campfire,
          chequers_serial_rivers_micro_d
D:2:      layout_basic, lemuel_round_altar, yredelemnul_altar_generic,
          uniq_jessica, uniq_natasha
D:3:      layout_basic, nicolae_overflow_crystal_walls
D:4:      layout_basic, tso_oasis_becter, uniq_edmund, uniq_crazy_yiuf_cottage,
          uniq_sigmund, uniq_robin
D:5:      layout_loops_ring, lemuel_coloured_pillars_altar,
          minmay_temple_entry_slanted, cheibrodos_sewer_entry_bend,
          lemuel_tele_altar
D:6:      layout_gridville, grunt_temple_overflow_lords_of_destruction,
          kennysheep_mini_moat, dk_rats_in_the_wall
D:7:      layout_loops_ring
D:8:      minmay_skewed_foursquare, layout_rooms, gammafunk_ghost_grave,
          serial_rivers, chequers_serial_rivers_micro_e,
          chequers_serial_rivers_small_3, chequers_serial_rivers_room_b,
          chequers_serial_rivers_micro_c, chequers_serial_rivers_micro_d,
          chequers_serial_rivers_micro_c, serial_shops, shop_coins
D:9:      minmay_diamond_stairs, layout_long_grid, lemuel_crystal_altar,
          eino_tiny_chamber
D:10:     layout_long_grid, enter_bailey_3, roderic_st_hans_cross,
          xom_confusion_cloud
D:11:     layout_roguey [special_room_orc], lair_entry_dummy, orc_david_3,
          minmay_unpleasant_kobolds
D:12:     layout_rooms, gauntlet_entry_generic, minmay_lindwurm_lava, uniq_kirke
D:13:     layout_irregular_city, david_vaults_1, serial_shops, shop,
          shop_statue, shop_fountains, nicolae_shop_stone, shop, uniq_azrael
D:14:     layout_big_octagon, evilmike_ruin_ashenzari
D:15:     grunt_enter_depths_magical_seal, layout_basic,
          nicolae_trove_entry_columns, serial_park_tiny_2,
          minmay_fractal_squares_diagonal_5, uniq_louise
Temple:   nicolae_temple_figure_eight
Lair:1:   layout_regular_city, serial_bayou_pond_a, grunt_megastairs_5,
          uniq_gastronok
Lair:2:   layout_misc_corridors, swamp_mist_pool, forest_entry_grove
Lair:3:   layout_regular_city, minmay_lair_oklob_items, patterned_corridor
Lair:4:   layout_roguey, elwin_shoals_entry_rooms, serial_bayou_shore_a
Lair:5:   layout_misc_corridors, uniq_nessos
Lair:6:   minmay_lair_end_frog_pond, layout_loops_ring, slime_altar_1,
          uniq_sonja, uniq_urug
Swamp:1:  layout_falls_marsh, evilmike_swamp_ruin_rubble_1
Orc:1:    layout_diamond_mine
Orc:2:    grunt_orc_community_town_hall, layout_caves,
          grunt_orc_community_big_house_2, grunt_orc_community_big_house_1,
          grunt_orc_community_house_2, grunt_orc_community_house_3,
          grunt_orc_community_house_2, grunt_orc_community_house_1,
          grunt_orc_community_house_3, nicolae_volcano_entry_batcave,
          serial_shops, shop_fountains

Skill      XL: |  1  2  3  4  5  6  7  8  9 10 11 12 13 14 15 16 17 |
---------------+----------------------------------------------------+-----
Unarmed Combat | 4 5 6 8 10 12 13 14 15 | 15.0
Poison Magic   | 1 2 5 6 |  6.0
Fighting       | 2 4 5 8 9 11 12 13 | 13.1
Transmutations | 3 4 6 8 10 | 10.0
Dodging        | 3 4 5 8 9 11 12 | 12.8
Stealth        | 6 8 10 12 17 | 17.7
Evocations     | 3 6 |  6.0
Air Magic      | 3 |  3.0
Shields        | 8 |  8.0
Spellcasting   | |  2.0

Action                   |  1- 3 |  4- 6 |  7- 9 | 10-12 | 13-15 | 16-18 || total
-------------------------+-------+-------+-------+-------+-------+-------++-------
Melee: Unarmed           |    51 |    97 |   296 |   224 |   893 |   593 ||  2154
       Constrict         |     7 |     2 |    22 |    40 |   138 |    75 ||   284
       Tentacles         |     4 |     3 |    13 |    31 |   170 |   139 ||   360
       Kick              |     6 |       |       |       |       |       ||     6
       Punch             |       |       |     6 |    11 |    84 |    81 ||   182
 Cast: Beastly Appendage |    13 |       |       |       |       |       ||    13
       Wereblood         |     2 |     1 |     3 |     9 |    18 |    11 ||    44
       Spider Form       |     8 |    21 |    40 |       |       |       ||    69
       Blade Hands       |       |       |    14 |    33 |   117 |    65 ||   229
       Swiftness         |       |       |       |       |       |     1 ||     1
       Eringya's Noxious |       |       |       |       |       |     1 ||     1
Invok: Lunge             |       |       |    28 |    31 |   119 |    97 ||   275
       Whirlwind         |       |       |     6 |    30 |   224 |    95 ||   355
       Serpent's Lash    |       |       |       |     1 |    11 |     4 ||    16
       Heavenly Storm    |       |       |       |       |     2 |     2 ||     4
 Abil: Wall Jump         |       |       |       |       |     3 |     4 ||     7
       Evoke Flight      |       |       |       |       |       |     2 ||     2
       End Transformatio |       |       |       |       |       |     1 ||     1
Evoke: Wand              |       |       |       |     2 |    19 |     1 ||    22
       Box of beasts     |       |       |       |     1 |     1 |     1 ||     3
       Condenser vane    |       |       |       |       |     2 |       ||     2
       Phantom mirror    |       |       |       |       |       |     1 ||     1
  Use: Scroll            |       |    14 |     9 |     7 |     6 |     6 ||    42
       Potion            |       |     1 |     3 |     6 |     9 |     4 ||    23
 Stab: Sleeping          |     5 |     2 |    22 |    11 |    39 |    27 ||   106
       Distracted        |       |       |     1 |     2 |     1 |     7 ||    11
       Invisible         |       |       |     2 |       |     5 |       ||     7
       Paralysed         |       |       |       |     4 |       |       ||     4
       Confused          |       |       |       |       |       |     1 ||     1
Armor: Skin              |     7 |    17 |    24 |     9 |    50 |    34 ||   141
Dodge: Dodged            |    29 |    62 |   189 |   113 |   462 |   307 ||  1162
Block: Other             |       |       |       |       |    75 |    49 ||   124
       Reflection        |       |       |       |       |     1 |     9 ||    10
       Kite shield       |       |       |       |       |       |    36 ||    36

Table legend: (Time is in decaauts)
 A = Elapsed time spent in this place.
 B = Non-inter-level travel time spent in this place.
 C = Inter-level travel time spent in this place.
 D = Time resting spent in this place.
 E = Time spent auto-exploring this place.
 F = Levels seen in this place.
 G = Mean time per level.
                   A        B        C        D        E       F      G
               +--------+--------+--------+--------+--------+-----+--------+
         Total |  35504 |  33642 |   1862 |  11036 |  16562 |  31 | 1145.3 |
       Dungeon |  21440 |  20409 |   1031 |   6811 |  10484 |  15 | 1429.3 |
        Temple |     41 |     32 |      9 |      0 |     27 |   1 |   41.0 |
          Lair |   7867 |   7370 |    497 |   2068 |   4223 |   6 | 1311.2 |
         Swamp |    344 |    344 |      0 |    168 |     51 |   1 |  344.0 |
  Orcish Mines |   3558 |   3234 |    324 |   1309 |   1130 |   2 | 1779.0 |
         Abyss |    339 |    339 |      0 |      0 |      6 |   2 |  169.5 |
         Sewer |    230 |    230 |      0 |     52 |     72 |   1 |  230.0 |
        Bailey |    774 |    774 |      0 |    301 |    272 |   1 |  774.0 |
       Volcano |    274 |    274 |      0 |      0 |    149 |   1 |  274.0 |
      Gauntlet |    632 |    632 |      0 |    327 |    148 |   1 |  632.0 |
               +--------+--------+--------+--------+--------+-----+--------+

Top non-repeatable levels by time:
    D:11: 2435 daAuts
   Orc:2: 2338 daAuts
    D:13: 2120 daAuts
     D:8: 2053 daAuts
  Lair:5: 1547 daAuts
     D:7: 1454 daAuts
    D:10: 1454 daAuts
     D:5: 1400 daAuts
     D:9: 1358 daAuts
     D:3: 1356 daAuts
  Lair:2: 1344 daAuts
    D:15: 1333 daAuts
  Lair:1: 1315 daAuts
  Lair:3: 1314 daAuts
     D:4: 1291 daAuts
